 Dungeon Crawl Stone Soup version 0.31.0-11-ge490571c62 (webtiles) character file.

Game seed: 15404478241330261253

25 DeltaZero the Conjurer (level 2, -5/20 HPs)
             Began as a Draconian Conjurer on Feb 8, 2024.
             Slain by a ribbon worm (8 damage)
             ... on level 2 of the Dungeon.
             The game lasted 00:01:54 (1172 turns).

DeltaZero the Conjurer (Draconian Conjurer)         Turns: 1172, Time: 00:01:54

Health: -5/20      AC:  4    Str:  9    XL:     2   Next: 82%
Magic:  3/5        EV:  6    Int: 18    God:
Gold:   77         SH:  0    Dex:  9    Spells: 4/5 levels left

rFire   . . .        k - staff of earth
rCold   . . .        (no shield)
rNeg    . . .        (body armour unavailable)
rPois   .            (helmet restricted)
rElec   .            (no cloak)
rCorr   .            (no gloves)
SInv    .            (no boots)
Will    .....        (no amulet)
Stlth   ++           l - ring of flight
HPRegen 0.23/turn    (no ring)
MPRegen 0.09/turn

%: no passive effects
@: flying, held
A: AC +4, unfitting armour, cold-blooded
a: no special abilities


You were on level 2 of the Dungeon.
You visited 1 branch of the dungeon, and saw 2 of its levels.

You collected 77 gold pieces.

Inventory:

Hand Weapons
 h - a +0 dagger
Magical Staves
 k - a staff of earth (weapon)
Jewellery
 l - a ring of flight (left hand)
Scrolls
 d - a scroll of blinking {unknown}
 f - 3 scrolls of enchant weapon {unknown}
 g - a scroll of teleportation {unknown}
 j - a scroll of identify {unknown}
Potions
 a - a potion of magic
 b - a potion of attraction {unknown}
 c - a potion of curing {unknown}
 e - a potion of experience {unknown}
 i - a potion of might {unknown}


   Skills:
 + Level 1.8 Dodging
 + Level 1.7 Stealth
 + Level 0.2 Unarmed Combat
 + Level 2.2 Spellcasting
 + Level 4.7 Conjurations


You had 4 spell levels left.
You knew the following spells:

 Your Spells              Type           Power      Damage    Failure   Level
a - Magic Dart            Conj           72%        1d6       2%          1

Your spell library contained the following spells:

 Spells                   Type           Power      Damage    Failure   Level
 Searing Ray              Conj           36%        2d5       3%          2
 Ozocubu's Armour         Ice            1%         N/A       47%         3
 Fulminant Prism          Conj/Alch      5%         3d7       56%         4
 Iskenderun's Mystic Bla  Conj/Tloc      10%        2d4       56%         4
 Metabolic Englaciation   Hex/Ice        0%         N/A       99%         5
 Sculpt Simulacrum        Ice/Alch       0%         N/A       100%        6


Dungeon Overview and Level Annotations

Branches:
Dungeon (2/15)

Altars:


Innate Abilities, Weirdness & Mutations

Your plain brown scales are hard. (AC +4)
You cannot fit into any form of body armour.
You are cold-blooded and may be slowed by cold attacks.


Message History

You struggle to detach yourself from the web.
The ribbon worm bites you.
The web tears apart.
The ribbon worm bites you.
You hit the ribbon worm but do no damage.
Your tail-slap misses the ribbon worm.
The ribbon worm is heavily wounded.
The ribbon worm bites you but does no damage.
You hit the ribbon worm.
The ribbon worm is heavily wounded.
The ribbon worm bites you but does no damage.
You hit the ribbon worm but do no damage.
Your tail-slap misses the ribbon worm.
The ribbon worm is heavily wounded.
The ribbon worm barely misses you.
You hit the ribbon worm.
The ribbon worm is heavily wounded.
The ribbon worm expels a string of sticky webbing.
The stream of webbing hits you but does no damage.
You are caught in a web!
The web tears apart.
The ribbon worm bites you.
You barely miss the ribbon worm.
The ribbon worm is moderately wounded.
The ribbon worm expels a string of sticky webbing.
The stream of webbing hits you but does no damage.
You are caught in a web!
The web tears apart.
You hit the ribbon worm but do no damage.
The ribbon worm is moderately wounded.
The ribbon worm expels a string of sticky webbing.
The stream of webbing hits you but does no damage.
You are caught in a web!
You struggle to detach yourself from the web.
The ribbon worm bites you.
* * * LOW HITPOINT WARNING * * *
You struggle to detach yourself from the web.
The ribbon worm bites you.
* * * LOW HITPOINT WARNING * * *
You struggle to detach yourself from the web.
The ribbon worm bites you!
You die...

#.........#.....###.........
####......#.....# #.........
#######......#.....# #.........
........#....(.....# #.......##
.....##.#........... #.......##
.... #.#<....... ##.........##
.....##.##.#...#...+....####...
...........##.##...#....# ###.
..............@w)).+ ..
......###..$#......# #+####
#...####...# #..... ......
#....... ..... ##............
#............ #............
#........


You could see a ribbon worm (catching breath).

Vanquished Creatures
  2 ball pythons (D:1)
  3 endoplasms
  2 giant cockroaches (D:2)
  3 goblins
  2 hobgoblins (D:1)
  A jackal (D:1)
  2 bats (D:1)
  3 frilled lizards
  2 kobolds (D:1)
  2 rats (D:1)
22 creatures vanquished.

Notes
Turn   | Place    | Note
-------+----------+-------------------------------------------
     0 | D:1      | DeltaZero the Draconian Conjurer began the quest for the
                  | Orb.
     0 | D:1      | Reached XP level 1. HP: 14/14 MP: 3/3
   324 | D:1      | Reached XP level 2. HP: 20/20 MP: 3/5
  1172 | D:2      | Slain by a ribbon worm

Illustrated notes

Levels and vault maps discovered:
D:1:      minmay_arrival_three_doors, layout_loops_ring, minmay_heptomino_h4
D:2:      layout_basic, nicolae_elevator_lobby_plus

Action                     || total
---------------------------++-------
  Melee: Unarmed           ||    11
         Staff             ||    18
         Tailslap          ||     2
   Cast: Magic Dart        ||    43
 Armour: Skin              ||    18
  Dodge: Dodged            ||    16
